 Dungeon Crawl Stone Soup version 0.28-a0-224-g76b539d98b (webtiles) character file.

Game seed: 7250513856595032266

4056 zazu2006 the Magician (level 10, -20/85 HPs)
             Began as a Naga Hedge Wizard on Aug 21, 2021.
             Was a Follower of Vehumet.
             Demolished by a boulder beetle (33 damage)
             ... on level 7 of the Dungeon.
             The game lasted 00:17:29 (10085 turns).

zazu2006 the Magician (Naga Hedge Wizard)          Turns: 10085, Time: 00:17:30

Health: -20/85     AC:  8    Str: 13    XL:     10   Next: 25%
Magic:  18/30      EV: 10    Int: 17    God:    Vehumet [*.....]
Gold:   343        SH:  0    Dex: 11    Spells: 15/24 levels left

rFire   + . .      SeeInvis +   w - +1 dagger (elec)
rCold   . . .      Faith    .   (no shield)
rNeg    + . .      Spirit   .   E - +0 leather armour "Kemoth" {rF+}
rPois   +          Reflect  .   c - +0 hat
rElec   .          Harm     .   H - +2 cloak
rCorr   .          Rampage  .   (no gloves)
Will    +....                   (no barding)
Stlth   +++.......              (no amulet)
HPRegen 0.24/turn               B - ring of magical power
MPRegen 0.22/turn               C - ring of positive energy

@: very slightly contaminated, very slow
A: AC +3, large, see invisible, deformed body, poison resistance, slowness 2,
spit poison 1, naga tail 1
a: Spit Poison, Renounce Religion


You were on level 7 of the Dungeon.
You worshipped Vehumet.
Vehumet was aware of your devotion.
You visited 1 branch of the dungeon, and saw 7 of its levels.

You collected 343 gold pieces.

Inventory:

Hand Weapons
 w - a +1 dagger of electrocution (weapon)
 F - a +0 rapier of venom
 I - a +3 scimitar
Armour
 c - a +0 hat (worn)
 d - +0 acid dragon scales
 E - the +0 leather armour "Kemoth" (worn) {rF+}
   (You found it on level 6 of the Dungeon)

   rF:        It protects you from fire.
 H - a +2 cloak (worn)
Jewellery
 B - a ring of magical power (left hand)
 C - a ring of positive energy (right hand)
Wands
 a - a wand of flame (57)
 A - a wand of polymorph (4)
Scrolls
 e - 8 scrolls of identify
 f - a scroll of torment {unknown}
 g - 2 scrolls of enchant weapon {unknown}
 h - a scroll of immolation {unknown}
 i - 3 scrolls of fog {unknown}
 m - a scroll of fear {unknown}
 n - 5 scrolls of enchant armour
 o - 2 scrolls of amnesia {unknown}
 r - a scroll of blinking {unknown}
 s - a scroll of teleportation {unknown}
 y - 2 scrolls of silence {unknown}
 D - a scroll of magic mapping {unknown}
Potions
 b - a potion of heal wounds {unknown}
 j - 2 potions of haste {unknown}
 k - a potion of curing
 l - a potion of lignification {unknown}
 p - a potion of flight {unknown}
 q - a potion of attraction {unknown}
 t - a potion of degeneration {unknown}
 v - a potion of might {unknown}
 x - 3 potions of mutation {unknown}
 z - a potion of invisibility {unknown}
 G - 2 potions of magic {unknown}


   Skills:
 + Level 3.6 Fighting
 + Level 4.1 Armour
 + Level 3.9 Dodging
 + Level 7.5 Stealth
 + Level 7.5 Spellcasting
 + Level 6.9 Conjurations
 + Level 1.0 Summonings
 * Level 2.1 Translocations
 + Level 2.1 Air Magic
 - Level 5.0 Poison Magic


You had 15 spell levels left.
You knew the following spells:

 Your Spells              Type           Power      Damage    Failure   Level
a - Magic Dart            Conj           100%       1d8       1%          1
b - Mephitic Cloud        Conj/Pois/Air  22%        N/A       6%          3
c - Conjure Flame         Conj/Fire      18%        6-21      10%         3
d - Blink                 Tloc           N/A        N/A       9%          2

Your spell library contained the following spells:

 Spells                   Type           Power      Damage    Failure   Level
 Sandblast                Erth           12%        2d6       14%         1
 Shock                    Conj/Air       84%        1d8       1%          1
 Call Imp                 Summ           9%         N/A       14%         2
 Swiftness                Air            13%        N/A       17%         3
 Slow                     Hex            6%         N/A       21%         2
 Airstrike                Air            6%         N/A       50%         4


Dungeon Overview and Level Annotations

Branches:
Dungeon (7/15)             Temple (0/1) D:6

Altars:
Dithmenos
Kikubaaqudgha
Makhleb
Qazlal
Uskayaw
Vehumet
Wu Jian
Xom
The Shining One


Innate Abilities, Weirdness & Mutations

Your serpentine skin is tough. (AC +3)
You have supernaturally acute eyesight. (SInv)
Armour fits poorly on your strangely shaped body.
Your system is resistant to poisons. (rPois)
You cover ground very slowly.
You can spit poison.
You have a snake-like lower body.


Message History

The vampire mosquito bites you!
* * * LOW HITPOINT WARNING * * *
The vampire mosquito draws strength from your injuries!
The vampire mosquito misses you.
Aiming: Throw Flame
Press: ? - help, Shift-Dir - straight line The puff of flame hits the vampire mosquito.
The vampire mosquito is lightly damaged.
The vampire mosquito bites you!
* * * LOW HITPOINT WARNING * * *
The vampire mosquito draws strength from your injuries!
The vampire mosquito bites you.
* * * LOW HITPOINT WARNING * * *
Unknown command.
Casting: Mephitic Cloud (dangerous; 6% risk of failure)
Confirm with . or Enter, or press ? or * to list all spells.
You blink.
Okay, then.
As you read the scroll labelled DOIMOH ECYLOU, it crumbles to dust.
It is a scroll of identify.
n - 5 scrolls of enchant armour
Casting: Blink (safe; 9% risk of failure)
Confirm with . or Enter, or press ? or * to list all spells.
You blink.
Casting: Blink (safe; 9% risk of failure)
Confirm with . or Enter, or press ? or * to list all spells.
You miscast Blink.
You are very lightly contaminated with residual magic.
Nothing appears to happen.
Casting: Blink (safe; 9% risk of failure)
Confirm with . or Enter, or press ? or * to list all spells.
You blink.
The boulder beetle curls into a ball and begins rolling!
The vampire mosquito bites you but does no damage.
The vampire mosquito closely misses you.
The vampire mosquito bites you but does no damage.
Casting: Blink (safe; 9% risk of failure)
Confirm with . or Enter, or press ? or * to list all spells.
You blink.
The boulder beetle hits you!!
You die...

......#+##....#....#.......#
#####<#.......#....#.....###
#....###...#.._.#...8..#
####..#.# #...#....##.##..#
......#####...#.⌠.⌠####...# #
#+###..##.....####'###....#.#
....##..###..........§....#.#
.....##............y........#
......##........@B○.##..#.#.#
.......#.......°°°..........#
_._....#................#####
.⌠.....B.........9...##.#
_._....#......>......##.#
.......#........#....##.#
......##....#...#.......#
....B##...###........##.#
.K..##...............##.#


You could see a boulder beetle (rolling), a vampire mosquito and a gargoyle.

Vanquished Creatures
  Pikel (D:4)
  Maggie (D:6)
  Sigmund (D:6)
  Eustachio (D:6)
  A steam dragon (D:6)
  Menkaure (D:6)
  Duvessa (D:5)
  2 water moccasins
  2 sky beasts
  A hornet zombie (D:7)
  An ice beast (D:6)
  An orc warrior (D:6)
  A necrophage (D:4)
  4 ogres
  2 scorpions (D:6)
  A bullfrog (D:7)
  A water moccasin zombie (D:6)
  Dowan (D:5)
  4 water moccasin skeletons
  5 wights (D:7)
  2 howler monkeys
  A centaur zombie (D:7)
  4 hounds
  3 jellies
  3 orc priests
  Crazy Yiuf (D:3)
  Natasha (thrice) (D:3)
  A scorpion zombie (D:5)
  3 orc wizards
  A killer bee zombie (D:7)
  A howler monkey zombie (D:6)
  3 gnolls (D:5)
  4 howler monkey skeletons
  14 adders
  A shadow imp (D:7)
  A white imp (D:4)
  An ufetubus (D:5)
  2 worms
  5 dart slugs
  18 orcs
  9 ball pythons
  4 endoplasms
  A giant cockroach (D:3)
  10 goblins
  4 hobgoblins
  2 jackals (D:1)
  4 quokkas
  2 bats (D:2)
  3 frilled lizards (D:1)
  10 kobolds
  2 rats
156 creatures vanquished.

Vanquished Creatures (others)
  4 plants
4 creatures vanquished.

Grand Total: 160 creatures vanquished

Notes
Turn   | Place    | Note
-------+----------+-------------------------------------------
     0 | D:1      | zazu2006 the Naga Hedge Wizard began the quest for the Orb.
     0 | D:1      | Reached XP level 1. HP: 15/15 MP: 4/4
   199 | D:1      | Reached XP level 2. HP: 20/22 MP: 0/6
   863 | D:1      | Reached XP level 3. HP: 28/28 MP: 4/8
  1114 | D:1      | Found a faded altar of an unknown god.
  1852 | D:2      | Reached XP level 4. HP: 37/37 MP: 7/9
  2663 | D:2      | Reached XP level 5. HP: 38/43 MP: 7/11
  2756 | D:2      | Reached skill level 1 in Armour
  2980 | D:3      | Noticed Natasha
  2987 | D:3      | Killed Natasha
  3129 | D:3      | Noticed Natasha
  3136 | D:3      | Killed Natasha
  3211 | D:3      | Noticed Natasha
  3220 | D:3      | Killed Natasha
  3689 | D:3      | Reached XP level 6. HP: 50/50 MP: 10/12
  3871 | D:3      | Reached skill level 1 in Fighting
  3875 | D:3      | Learned a level 3 spell: Mephitic Cloud
  3879 | D:3      | Learned a level 3 spell: Conjure Flame
  3882 | D:3      | Learned a level 2 spell: Blink
  4314 | D:3      | Found a runed translucent door.
  4315 | D:3      | Noticed Crazy Yiuf
  4483 | D:3      | Killed Crazy Yiuf
  4589 | D:4      | Reached skill level 1 in Poison Magic
  4661 | D:4      | Reached XP level 7. HP: 57/57 MP: 5/14
  5144 | D:4      | Reached skill level 5 in Spellcasting
  5144 | D:4      | Noticed Pikel
  5160 | D:4      | Killed Pikel
  5161 | D:4      | Reached XP level 8. HP: 64/64 MP: 11/16
  5223 | D:4      | Reached skill level 5 in Conjurations
  5491 | D:4      | Found a stormy altar of Qazlal.
  5495 | D:4      | Found a radiant altar of Vehumet.
  5500 | D:4      | Found a shadowy altar of Dithmenos.
  5505 | D:4      | Became a worshipper of Vehumet
  5586 | D:5      | Entered Level 5 of the Dungeon
  5610 | D:5      | Noticed Duvessa
  5612 | D:5      | Noticed Dowan
  5649 | D:5      | Killed Duvessa
  5660 | D:5      | Killed Dowan
  5923 | D:5      | Reached skill level 1 in Air Magic
  6081 | D:5      | Reached skill level 5 in Poison Magic
  6428 | D:5      | Reached XP level 9. HP: 48/73 MP: 14/18
  6773 | D:5      | Found a burning altar of Makhleb.
  6870 | D:6      | Noticed Sigmund
  6881 | D:6      | Reached skill level 5 in Stealth
  6890 | D:6      | Killed Sigmund
  7341 | D:6      | Reached * piety under Vehumet
  7341 | D:6      | Offered knowledge of Sandblast by Vehumet.
  7438 | D:6      | Noticed Eustachio
  7440 | D:6      | Identified the +0 leather armour "Kemoth" {rF+}
  7452 | D:6      | Killed Eustachio
  7694 | D:6      | Noticed Maggie
  7914 | D:6      | Found a staircase to the Ecumenical Temple.
  8018 | D:6      | Killed Maggie
  8730 | D:6      | Noticed Menkaure
  8735 | D:6      | Killed Menkaure
  8760 | D:6      | Reached XP level 10. HP: 43/84 MP: 20/20
  9230 | D:7      | Found an ornate altar of the Wu Jian Council.
  9232 | D:7      | Found a hide-covered altar of Uskayaw.
  9631 | D:7      | Noticed a boulder beetle
  9631 | D:7      | Noticed a gargoyle
  9650 | D:7      | Noticed a kobold demonologist
  9650 | D:7      | Found the +5 robe of Misfortune {Contam Harm *Corrode Drain
                  | *Slow EV+5}
 10014 | D:7      | Found a glowing golden altar of the Shining One.
 10014 | D:7      | Found a shimmering altar of Xom.
 10015 | D:7      | Found an ancient bone altar of Kikubaaqudgha.
 10015 | D:7      | Found an ornate altar of the Wu Jian Council.
 10049 | D:7      | Noticed a cyclops
 10085 | D:7      | Demolished by a boulder beetle

Illustrated notes

Levels and vault maps discovered:
D:1:      tarquinn_simple_flora_water_d, layout_loops_ring,
          shapermc_ecumenical_altar_gd
D:2:      cheibrodos_old_hovel, layout_rooms, minivault_11, minmay_snake_closets
D:3:      layout_basic, minmay_box_of_dots, uniq_crazy_yiuf_cottage,
          uniq_natasha
D:4:      layout_rooms, minmay_overflow_temple_star_quad, uniq_pikel
D:5:      layout_basic, makhleb_blood_cavern_becter, serial_glass,
          glass_columns_b, glass_columns_b, glass_columns_a, glass_columns_b,
          glass_columns_c, glass_columns_a, uniq_duvessa
D:6:      layout_basic, minmay_temple_entry_statues, grunt_decor_mini_mirrors,
          uniq_eustachio, uniq_maggie, uniq_sigmund, uniq_menkaure
D:7:      minmay_the_grid_octo_2x2 [minmay_the_grid_octo_shrine,
          minmay_the_grid_octo_toaster, minmay_the_grid_octo_teeth,
          minmay_the_grid_octo_prize_star], layout_basic, jmf_multi_god_temple

Skill      XL: |  1  2  3  4  5  6  7  8  9 10 |
---------------+-------------------------------+-----
Conjurations   | 2 3 4 5 6 |  6.9
Spellcasting   | 4 5 6 7 |  7.5
Armour         | 1 2 3 4 |  4.1
Fighting       | 1 2 3 |  3.6
Poison Magic   | 1 3 5 |  5.0
Stealth        | 4 6 7 |  7.5
Dodging        | 2 3 |  3.9
Air Magic      | 1 2 |  2.1
Translocations | 2 |  2.1
Summonings     | |  1.0

Action                   |  1- 3 |  4- 6 |  7- 9 | 10-12 || total
-------------------------+-------+-------+-------+-------++-------
Melee: Dagger            |    12 |     9 |   215 |    58 ||   294
       Unarmed           |       |       |     2 |       ||     2
 Cast: Magic Dart        |    75 |   119 |   125 |    25 ||   344
       Mephitic Cloud    |       |       |    12 |     9 ||    21
       Blink             |       |       |       |     5 ||     5
       Conjure Flame     |       |       |       |     2 ||     2
 Abil: Spit Poison       |    18 |    23 |    19 |     3 ||    63
Evoke: Wand              |       |       |       |     1 ||     1
  Use: Potion            |       |       |     1 |       ||     1
       Scroll            |       |       |       |     1 ||     1
 Stab: Sleeping          |       |     2 |     5 |     4 ||    11
       Confused          |       |       |     4 |     1 ||     5
Armor: Leather armour    |     5 |     8 |    78 |    25 ||   116
Dodge: Dodged            |    12 |    22 |    95 |    38 ||   167

Table legend: (Time is in decaauts)
 A = Elapsed time spent in this place.
 B = Non-inter-level travel time spent in this place.
 C = Inter-level travel time spent in this place.
 D = Time resting spent in this place.
 E = Time spent auto-exploring this place.
 F = Levels seen in this place.
 G = Mean time per level.
                   A        B        C        D        E       F      G
               +--------+--------+--------+--------+--------+-----+--------+
         Total |  11889 |  11606 |    283 |    550 |   9385 |   7 | 1698.4 |
       Dungeon |  11889 |  11606 |    283 |    550 |   9385 |   7 | 1698.4 |
               +--------+--------+--------+--------+--------+-----+--------+

Top non-repeatable levels by time:
     D:6: 3012 daAuts
     D:3: 2064 daAuts
     D:1: 1741 daAuts
     D:2: 1574 daAuts
     D:5: 1518 daAuts
     D:4: 1205 daAuts
     D:7: 773 daAuts
